Map: Ruins of Endion

Players

Fropez - Winner!

  • Race: Protoss Protoss
  • League: Silver
  • Spawn Location: 5:00

Shadow

  • Race: Protoss Protoss
  • League: Bronze
  • Spawn Location: 7:00

VOD

Have the link to the VOD?

Description

Time

  • Played on: June 30, 2016, 11:33 a.m.
  • Length: 18:39
Show
View Real Time Build Order
Export as new Build Order

Fropez Protoss - Winner!

Build Orders:  

Get SALT Encoding   

  12  0:01  Probe (Chrono Boost)  
  13  0:13  Pylon  
  13  0:18  Probe (Chrono Boost)  
  14  0:29  Probe (Chrono Boost)  
  14  0:35  Gateway  
  15  0:40  Probe (Chrono Boost)  
  16  0:47  Assimilator  
  16  0:51  Probe (Chrono Boost)  
  17  1:03  Gateway  
  17  1:05  Probe (Chrono Boost)  
  18  1:17  Pylon  
  18  1:21  Probe (Chrono Boost)  
  19  1:31  Probe (Chrono Boost)  
  20  1:37  Pylon  
  20  1:42  Probe (Chrono Boost)  
  20  1:52  Probe (Chrono Boost)  
  21  1:55  Cybernetics Core  
  21  2:03  Probe (Chrono Boost)  
  22  2:13  Probe (Chrono Boost)  
  23  2:17  Pylon  
  23  2:24  Probe (Chrono Boost)  
  23  2:27  Assimilator  
  24  2:31  Adept  
  24  2:32  Adept  
  24  2:36  Mothership Core (Chrono Boost)  
  30  2:41  Warp Gate (Chrono Boost)  
  30  2:55  Probe (Chrono Boost)  
  31  2:58  Adept  
  31  2:59  Adept  
  35  3:18  Pylon, Probe  
  36  3:23  Pylon  
  36  3:26  Adept  
  38  3:30  Probe  
  39  3:34  Twilight Council  
  39  3:36  Adept  
  39  4:03  Probe  
  38  4:25  Nexus  
  34  4:40  Probe  
  34  4:43  Blink (Chrono Boost)  
  35  4:56  Gateway  
  33  5:01  Probe  
  34  5:27  Probe  
  33  5:39  Probe  
  33  5:40  Probe  
  33  5:41  Adept x2  
  33  5:51  Probe x2  
  35  6:01  Pylon, Probe  
  35  6:03  Probe  
  37  6:12  Gateway  
  37  6:13  Probe  
  37  6:16  Gateway  
  37  6:17  Gateway  
  38  6:20  Stalker x3  
  44  6:31  Pylon, Probe  
  44  6:32  Probe  
  46  6:44  Stalker x3  
  46  6:45  Probe  
  53  6:54  Gateway  
  53  6:55  Gateway  
  53  6:58  Forge  
  53  7:02  Pylon  
  53  7:08  Probe  
  54  7:12  Stalker  
  54  7:13  Stalker  
  58  7:16  Stalker  
  60  7:33  Probe  
  60  7:34  Probe  
  62  7:37  Protoss Ground Weapons Level 1 (Chrono Boost)  
  62  7:43  Probe  
  62  7:46  Probe  
  62  7:49  Robotics Facility  
  64  7:51  Assimilator  
  64  7:52  Pylon  
  64  7:54  Probe  
  64  7:55  Assimilator, Photon Cannon  
  65  7:59  Probe, Photon Cannon  
  64  8:35  Adept x6, Probe  
  64  8:36  Adept x2  
  64  8:37  Probe  
  64  8:41  Observer  
  83  8:50  Probe  
  83  8:51  Probe  
  85  9:01  Warp Prism  
  87  9:06  Probe  
  87  9:07  Probe  
  89  9:13  Nexus  
  89  9:28  Adept x3  
  89  9:29  Adept x3  
  101  10:00  Gateway  
  101  10:01  Pylon  
  101  10:02  Pylon  
  101  10:05  Gateway  
  101  10:07  Photon Cannon  
  101  10:09  Pylon  
  101  10:14  Pylon  
  101  10:19  Probe x2  
  103  10:22  Observer  
  103  10:25  Protoss Ground Weapons Level 2 (Chrono Boost)  
  103  10:26  Resonating Glaives  
  104  10:38  Nexus  
  104  10:40  Pylon  
  104  10:50  Pylon  
  104  10:57  Pylon  
  104  11:33  Stalker x5  
  104  11:34  Stalker x3  
  120  11:56  Gateway  
  120  11:57  Probe, Dark Shrine  
  120  11:59  Pylon, Probe  
  122  12:02  Pylon  
  122  12:04  Pylon  
  122  12:05  Assimilator  
  122  12:08  Pylon, Assimilator  
  122  12:13  Pylon  
  122  12:19  Zealot x2  
  122  12:20  Zealot x4  
  122  12:21  Zealot x3  
  140  12:27  Assimilator  
  140  12:31  Assimilator  
  110  13:19  Zealot x3  
  96  13:20  Zealot x6  
  96  13:21  Zealot  
  90  13:57  Dark Templar x4  
  90  13:58  Dark Templar x5  
  90  13:59  Dark Templar x2  
  104  14:36  Pylon  
  96  14:39  Protoss Ground Weapons Level 3 (Chrono Boost)  
  96  14:40  Pylon, Forge  
  96  14:44  Forge  
  94  14:46  Cybernetics Core  
  94  14:49  Cybernetics Core  
  92  14:52  Pylon  
  92  14:54  Pylon  
  92  14:59  Zealot x2  
  84  15:00  Zealot x6  
  84  15:01  Zealot x3  
  102  15:22  Protoss Shields Level 1 (Chrono Boost)  
  102  15:26  Observer  
  103  15:29  Protoss Ground Armor Level 1 (Chrono Boost)  
  97  15:45  Zealot x5  
  97  15:46  Zealot x5  
  97  15:47  Zealot  
  97  15:48  Observer  
  113  16:08  Dark Templar x4  
  113  16:09  Dark Templar x5  
  113  16:27  Zealot x2  
  101  16:49  Dark Templar x4  
  107  16:57  Stalker  
  100  17:39  Stalker x4  
  100  17:43  Observer  
Show
View Real Time Build Order
Export as new Build Order

Shadow Protoss 

Build Orders: Oracle Opening 

Get SALT Encoding   

  12  0:02  Probe (Chrono Boost)  
  13  0:21  Probe (Chrono Boost)  
  14  0:29  Pylon  
  14  0:32  Probe (Chrono Boost)  
  15  0:52  Gateway  
  15  0:53  Probe (Chrono Boost)  
  16  1:03  Probe (Chrono Boost)  
  17  1:05  Assimilator  
  17  1:09  Pylon  
  17  1:14  Probe (Chrono Boost)  
  17  1:16  Assimilator  
  18  1:42  Cybernetics Core  
  18  1:43  Probe (Chrono Boost)  
  19  1:51  Zealot (Chrono Boost)  
  22  1:54  Probe  
  22  2:06  Probe  
  23  2:18  Probe  
  23  2:22  Stargate  
  24  2:24  Warp Gate (Chrono Boost)  
  24  2:30  Probe  
  25  2:41  Nexus  
  25  2:46  Pylon  
  25  2:48  Probe  
  26  3:00  Probe  
  27  3:14  Forge  
  27  3:16  Gateway  
  27  3:17  Gateway  
  30  3:28  Oracle (Chrono Boost)  
  30  3:42  Robotics Facility  
  30  3:43  Probe  
  31  3:55  Probe  
  28  4:37  Stalker x2  
  28  4:38  Stalker  
  31  4:43  Probe (Chrono Boost)  
  32  4:54  Probe (Chrono Boost)  
  32  4:58  Probe (Chrono Boost)  
  34  5:05  Observer, Probe (Chrono Boost)  
  36  5:08  Probe (Chrono Boost)  
  34  5:15  Probe (Chrono Boost)  
  34  5:19  Probe (Chrono Boost)  
  34  5:20  Zealot x2  
  34  5:21  Zealot  
  42  5:26  Probe (Chrono Boost)  
  43  5:30  Probe (Chrono Boost)  
  43  5:36  Probe (Chrono Boost)  
  41  5:52  Photon Cannon  
  41  6:02  Photon Cannon  
  41  6:05  Photon Cannon  
  41  6:07  Pylon  
  41  6:10  Zealot  
  43  6:17  Pylon  
  43  6:42  Gateway  
  43  6:43  Gateway  
  43  6:44  Pylon  
  44  6:47  Probe (Chrono Boost)  
  44  6:57  Probe (Chrono Boost)  
  44  6:59  Probe (Chrono Boost)  
  46  7:08  Probe (Chrono Boost)  
  47  7:09  Probe (Chrono Boost)  
  48  7:18  Probe (Chrono Boost)  
  48  7:20  Probe (Chrono Boost)  
  50  7:24  Stalker  
  50  7:25  Stalker  
  50  7:29  Mothership Core (Chrono Boost)  
  56  7:30  Probe (Chrono Boost)  
  57  7:40  Photon Cannon  
  57  7:41  Probe (Chrono Boost)  
  57  7:43  Photon Cannon  
  58  7:47  Photon Cannon  
  58  7:53  Immortal  
  62  8:32  Stalker x4  
  62  8:33  Stalker  
  72  8:40  Assimilator  
  71  8:44  Assimilator  
  71  8:51  Pylon  
  71  8:56  Pylon  
  71  8:59  Zealot x3  
  77  9:42  Protoss Ground Weapons Level 1 (Chrono Boost)  
  77  9:47  Stalker  
  77  9:48  Stalker x3  
  85  10:25  Nexus  
  85  10:26  Stalker x4  
  93  10:41  Pylon  
  93  10:44  Pylon  
  93  10:51  Pylon  
  93  10:53  Pylon  
  93  10:59  Pylon, Immortal  
  93  11:03  Pylon  
  97  11:06  Robotics Bay, Robotics Facility  
  97  11:07  Pylon  
  97  11:14  Stalker x2  
  97  11:15  Stalker x2  
  105  11:39  Probe  
  105  11:45  Pylon  
  106  11:49  Probe  
  107  11:55  Colossus (Chrono Boost)  
  107  12:00  Probe  
  119  12:07  Colossus (Chrono Boost)  
  120  12:15  Probe  
  121  12:27  Probe  
  122  12:39  Probe  
  119  12:51  Probe  
  110  13:03  Probe  
  99  13:26  Disruptor (Chrono Boost)  
  104  13:27  Extended Thermal Lance  
  104  13:31  Disruptor (Chrono Boost)  
  95  13:46  Probe  
  96  13:56  Probe  
  97  14:07  Probe  
  98  14:13  Stalker x2  
  98  14:14  Stalker x3  
  105  14:17  Probe  
  104  14:28  Probe  
  66  15:01  Observer (Chrono Boost)  
  66  15:03  Observer (Chrono Boost), Probe  
  69  15:09  Stalker x3  
  69  15:13  Probe  
  76  15:24  Probe  
  77  15:35  Probe  
  78  15:45  Probe  
  79  15:52  Pylon  
  79  15:54  Stalker x2  
  79  15:56  Probe  
  84  16:06  Probe  
  55  17:43  Nexus  
Tags
 
Matchup
PvP
Replay Pack
All Mines
Spawn Locations
Close Positions
Add a new tag
Caveats
  • Supply blocks, unpowered buildings, or Contaminate may cause inaccurate times.
  • Supply counts are checked every 10 seconds.